Map: Lightshade LE

Players

HeroMarine

  • Race: Terran Terran
  • League: Master

LiquidClem (Clem) - Winner!

  • Race: Terran Terran
  • League: Grandmaster

Event: DreamHack SC2 Masters 2021 Summer

VOD

Have the link to the VOD?

Description

Time

  • Played on: June 4, 2021, 2:36 p.m.
  • Length: 10:18

All games in this series

Show
View Real Time Build Order
Export as new Build Order

HeroMarine Terran 

Build Orders:  

Get SALT Encoding   

  12  0:00  SCV  
  13  0:12  SCV  
  14  0:17  Supply Depot  
  14  0:24  SCV  
  15  0:39  SCV  
  15  0:40  Barracks  
  16  0:44  Refinery  
  16  0:51  SCV  
  16  0:52  Refinery  
  17  1:03  SCV  
  18  1:15  SCV  
  19  1:27  Orbital Command, Reaper  
  19  1:29  Supply Depot  
  20  1:41  Factory  
  20  1:53  SCV  
  21  1:59  Reaper  
  22  2:05  SCV  
  23  2:15  Command Center  
  23  2:18  SCV  
  24  2:25  Hellion  
  26  2:30  SCV  
  26  2:31  Barracks Reactor  
  27  2:38  Supply Depot  
  27  2:42  SCV  
  28  2:46  Widow Mine  
  28  2:47  Starport  
  30  2:54  SCV  
  31  3:06  SCV  
  31  3:08  Factory Tech Lab, Marine x2  
  34  3:18  SCV  
  35  3:26  Orbital Command, Marine x2  
  37  3:30  SCV  
  37  3:31  Raven  
  37  3:32  Factory Tech Lab  
  40  3:34  Refinery  
  35  3:42  SCV  
  35  3:44  Marine x2  
  36  3:52  SCV  
  36  3:54  SCV  
  36  3:55  Siege Tank  
  41  4:02  Marine x2  
  43  4:04  SCV  
  43  4:06  SCV  
  43  4:09  Supply Depot  
  45  4:15  Refinery  
  45  4:16  SCV  
  46  4:19  SCV  
  46  4:22  Barracks  
  47  4:24  Barracks  
  47  4:26  Starport Reactor  
  47  4:28  SCV  
  47  4:31  SCV  
  49  4:35  Engineering Bay, Stimpack  
  49  4:40  SCV  
  49  4:41  Marine  
  49  4:43  SCV  
  49  4:52  SCV  
  50  4:56  SCV  
  50  4:58  Marine  
  52  5:02  Siege Tank  
  52  5:04  SCV  
  56  5:08  SCV  
  56  5:13  Starport Reactor  
  58  5:21  SCV, Terran Infantry Weapons Level 1  
  57  5:22  SCV  
  57  5:27  Marine x3  
  59  5:32  Marine x2  
  59  5:33  SCV  
  62  5:42  SCV, Siege Tank  
  61  5:45  SCV, Marine  
  62  5:51  Supply Depot  
  62  5:58  Supply Depot  
  62  6:01  Marine x4, Medivac  
  62  6:03  SCV x2, Marine  
  70  6:15  SCV x2  
  70  6:18  Siege Tank  
  71  6:19  Marine x2  
  71  6:24  Marine  
  74  6:27  SCV x2  
  74  6:28  Refinery  
  74  6:29  Barracks Reactor  
  74  6:32  Supply Depot  
  76  6:35  Combat Shield  
  76  6:37  Marine x2  
  78  6:42  Marine  
  78  6:44  Medivac  
  79  6:48  Medivac  
  79  6:50  SCV  
  79  6:51  SCV  
  79  6:53  Command Center  
  83  6:55  Marine  
  83  6:56  Marine  
  83  7:00  Marine  
  80  7:02  SCV  
  80  7:03  SCV  
  80  7:07  Marine  
  83  7:09  Marine  
  83  7:13  Marine x2  
  83  7:14  Siege Tank  
  89  7:17  Marine  
  89  7:18  SCV x2  
  90  7:26  Viking  
  89  7:31  Viking  
  89  7:35  Marine x2  
  92  7:41  Marine  
  89  7:44  Marine x2  
  78  7:53  Marine  
  78  7:55  Marine  
  79  7:58  Marine  
  79  8:00  Medivac  
  79  8:01  Medivac  
  79  8:02  Orbital Command, Marine x2  
  86  8:10  Marine  
  87  8:13  Marine  
  87  8:16  Marine  
  89  8:20  Marine x2  
  89  8:25  SCV  
  88  8:28  Marine  
  88  8:30  Marine  
  90  8:34  Marine  
  90  8:37  SCV, Orbital Command  
  90  8:38  Marine x2  
  85  8:46  Marine  
  85  8:48  Marine  
  85  8:52  Marine  
  86  8:56  Marine x2, Medivac  
  74  9:04  Marine  
  74  9:06  Marine  
  72  9:10  Marine  
  72  9:12  SCV  
  72  9:13  SCV  
  72  9:16  Marine  
  76  9:19  Marine  
  76  9:22  Marine  
  78  9:26  Marine  
  78  9:27  Marine, Siege Tank  
  78  9:29  Medivac  
  85  9:38  Marine x2, Medivac  
  84  9:45  Marine x2  
  83  9:47  Marine  
  80  9:56  Marine x2  
  87  10:01  SCV x2  
Show
View Real Time Build Order
Export as new Build Order

LiquidClem Terran - Winner!

Build Orders:  

Get SALT Encoding   

  12  0:00  SCV  
  13  0:12  SCV  
  14  0:16  Supply Depot  
  14  0:24  SCV  
  15  0:38  SCV, Barracks  
  15  0:42  Refinery  
  16  0:49  Refinery  
  16  0:52  SCV  
  17  1:04  SCV  
  18  1:16  SCV  
  19  1:25  Barracks Reactor  
  19  1:28  Orbital Command  
  19  1:39  Factory  
  19  1:53  SCV  
  20  2:01  Reaper x2  
  22  2:05  Supply Depot  
  22  2:07  SCV  
  23  2:27  SCV, Hellion  
  26  2:33  Reaper x2  
  26  2:36  Command Center  
  28  2:39  SCV  
  29  2:46  Supply Depot  
  29  2:49  Hellion  
  31  2:56  Starport  
  31  3:08  SCV, Marine  
  31  3:11  Factory Tech Lab  
  33  3:20  SCV  
  33  3:25  Marine  
  35  3:31  Marine, Siege Tank  
  39  3:34  SCV  
  39  3:41  Refinery  
  38  3:42  Medivac  
  38  3:44  Marine  
  38  3:46  SCV  
  40  3:49  Marine  
  40  3:53  Orbital Command  
  40  3:58  SCV  
  40  4:01  Marine  
  42  4:07  Marine  
  42  4:08  Supply Depot  
  43  4:10  SCV  
  43  4:12  Factory Tech Lab  
  44  4:17  Raven  
  44  4:19  SCV  
  44  4:22  Marine  
  44  4:23  SCV  
  49  4:25  Marine  
  53  4:31  SCV  
  53  4:32  Cyclone  
  54  4:41  SCV  
  54  4:43  SCV  
  55  4:48  Supply Depot  
  55  4:49  Marine  
  55  4:51  Marine  
  57  4:53  SCV  
  57  4:55  SCV  
  59  5:00  Raven  
  59  5:03  Supply Depot  
  59  5:05  SCV  
  62  5:10  SCV, Supply Depot, Siege Tank  
  66  5:19  Command Center  
  66  5:20  SCV  
  67  5:23  Marine  
  67  5:24  Marine  
  69  5:29  SCV  
  69  5:32  SCV  
  71  5:41  SCV  
  71  5:42  Siege Tank  
  74  5:44  SCV  
  70  5:54  Barracks  
  70  5:55  Barracks  
  72  5:58  Supply Depot  
  72  6:01  Viking  
  72  6:03  Viking  
  74  6:10  SCV, Marine  
  75  6:17  Siege Tank  
  77  6:18  Supply Depot  
  77  6:19  Stimpack  
  77  6:24  SCV  
  78  6:28  Marine  
  78  6:32  Orbital Command, Supply Depot  
  79  6:37  Refinery  
  79  6:40  Viking  
  79  6:42  Barracks Reactor  
  79  6:44  Barracks Reactor  
  79  6:45  SCV  
  79  6:46  SCV  
  83  6:52  Marine  
  84  6:57  Siege Tank  
  84  6:59  Orbital Command, SCV  
  85  7:02  Viking  
  85  7:07  SCV  
  88  7:10  Marine  
  88  7:11  Viking  
  88  7:12  SCV  
  91  7:21  Marine x3  
  94  7:24  SCV  
  94  7:25  SCV x2  
  94  7:28  Marine  
  94  7:29  Siege Tank  
  101  7:30  Marine  
  102  7:39  Marine  
  95  7:45  SCV x2, Marine  
  95  7:48  SCV  
  95  7:49  Marine  
  93  7:54  Marine  
  93  7:56  Viking x2  
  99  7:59  Marine, Supply Depot  
  99  8:00  Combat Shield  
  99  8:01  Widow Mine, SCV  
  102  8:06  SCV, Marine x2  
  102  8:08  SCV  
  104  8:13  SCV  
  104  8:15  Marine x2  
  104  8:19  Orbital Command  
  105  8:20  SCV, Supply Depot x2  
  105  8:25  Marine x2  
  105  8:26  Marine  
  110  8:27  SCV  
  110  8:33  Marine  
  106  8:36  SCV, Marine  
  106  8:40  SCV  
  102  8:43  Marine x3  
  102  8:45  Siege Tank  
  102  8:48  SCV  
  106  8:49  SCV  
  106  8:50  Medivac  
  106  8:51  Marine  
  106  8:52  SCV  
  106  8:54  Marine  
  109  9:00  SCV  
  109  9:01  Marine x3  
  104  9:05  SCV  
  104  9:07  SCV  
  104  9:08  Barracks x2  
  106  9:10  Marine  
  107  9:18  SCV  
  107  9:21  Marine x2, Siege Tank  
  107  9:22  Marine  
  107  9:24  SCV, Supply Depot x2  
  113  9:26  Marine  
  113  9:27  SCV  
  113  9:28  Marine  
  112  9:39  Marine x2  
  112  9:41  Marine  
  112  9:44  Marine, Medivac  
  111  9:45  SCV  
  111  9:46  SCV  
  111  9:47  Marine  
  111  9:48  Orbital Command  
  113  9:57  Marine x2  
  113  9:58  SCV x2, Marine  
Tags
 
Add a new tag
Caveats
  • Supply blocks, unpowered buildings, or Contaminate may cause inaccurate times.
  • Supply counts are checked every 10 seconds.